Map: Pillars of Gold LE

Players

Astrea

  • Race: Protoss Protoss
  • League: Master
  • Spawn Location: 1:00

Solar - Winner!

  • Race: Zerg Zerg
  • League: Master
  • Spawn Location: 7:00

Event: Cheeseadelphia Winter Championship 2021

VOD

Have the link to the VOD?

Description

Time

  • Played on: Jan. 24, 2021, 4:57 p.m.
  • Length: 9:57

All games in this series

Show
View Real Time Build Order
Export as new Build Order

Astrea Protoss 

Build Orders: 1 Gate Expand, Oracle Opening, Archon Immortal 

Get SALT Encoding   

  12  0:00  Probe  
  13  0:12  Probe  
  14  0:19  Pylon  
  14  0:24  Probe  
  15  0:37  Probe (Chrono Boost)  
  15  0:40  Gateway  
  16  0:47  Probe (Chrono Boost)  
  16  0:48  Assimilator  
  17  0:52  Probe (Chrono Boost)  
  18  1:03  Probe  
  19  1:15  Probe  
  20  1:25  Nexus  
  20  1:35  Cybernetics Core  
  20  1:39  Probe  
  21  1:47  Assimilator  
  21  1:51  Probe  
  22  1:56  Pylon  
  22  2:03  Probe (Chrono Boost)  
  23  2:11  Adept (Chrono Boost)  
  26  2:16  Probe (Chrono Boost)  
  26  2:19  Stargate  
  26  2:21  Probe (Chrono Boost)  
  27  2:29  Warp Gate  
  27  2:33  Probe (Chrono Boost)  
  27  2:35  Adept  
  30  2:38  Probe (Chrono Boost)  
  32  2:48  Probe x2 (Chrono Boost)  
  33  2:53  Probe (Chrono Boost)  
  33  2:54  Void Ray (Chrono Boost)  
  33  2:55  Probe  
  35  3:05  Probe  
  40  3:07  Probe  
  41  3:13  Pylon  
  41  3:17  Probe  
  41  3:19  Probe  
  43  3:29  Probe  
  43  3:30  Oracle (Chrono Boost)  
  43  3:32  Gateway, Probe  
  48  3:41  Probe  
  48  3:44  Probe  
  50  3:55  Nexus  
  50  3:56  Pylon  
  50  3:59  Probe  
  51  4:05  Probe  
  51  4:08  Assimilator  
  52  4:12  Probe  
  52  4:13  Assimilator  
  53  4:17  Adept, Probe  
  53  4:21  Pylon  
  57  4:25  Robotics Facility  
  57  4:26  Adept, Probe (Chrono Boost)  
  57  4:29  Probe (Chrono Boost)  
  61  4:40  Probe (Chrono Boost)  
  61  4:41  Probe (Chrono Boost)  
  61  4:43  Gateway  
  61  4:44  Gateway  
  62  4:48  Probe x2  
  64  4:59  Sentry x2  
  68  5:00  Probe x2 (Chrono Boost)  
  68  5:03  Forge  
  68  5:04  Twilight Council  
  70  5:08  Probe (Chrono Boost)  
  70  5:10  Pylon  
  70  5:12  Probe (Chrono Boost)  
  73  5:18  Probe (Chrono Boost)  
  73  5:19  Probe (Chrono Boost)  
  73  5:20  Probe (Chrono Boost)  
  75  5:24  Probe x2 (Chrono Boost)  
  75  5:30  Protoss Ground Weapons Level 1 (Chrono Boost)  
  75  5:31  Probe  
  75  5:34  Probe  
  76  5:36  Observer  
  76  5:39  Probe  
  76  5:40  Charge  
  76  5:42  Templar Archives  
  77  5:44  Probe  
  77  5:45  Gateway  
  77  5:46  Gateway  
  78  5:50  Gateway  
  78  5:52  Gateway  
  78  6:02  Zealot x4  
  82  6:09  Assimilator  
  82  6:12  Probe x3  
  82  6:13  Assimilator  
  82  6:15  Warp Prism  
  82  6:17  Photon Cannon  
  87  6:22  Pylon  
  87  6:25  Stalker  
  89  6:26  Pylon  
  89  6:27  Probe  
  89  6:28  High Templar  
  89  6:31  Pylon  
  92  6:34  Gateway  
  92  6:36  Observer  
  92  6:43  High Templar  
  92  6:44  Zealot x2, High Templar x2  
  102  6:49  Archon x2, Immortal (Chrono Boost)  
  106  7:05  Zealot x3, High Templar x2  
  106  7:06  Pylon  
  116  7:08  Pylon  
  116  7:09  Archon, Shield Battery  
  116  7:13  Protoss Ground Weapons Level 2 (Chrono Boost)  
  116  7:21  Pylon  
  116  7:32  Psionic Storm  
  116  7:33  Zealot x3  
  116  7:34  Zealot x4  
  116  7:35  Immortal (Chrono Boost)  
  130  7:57  Zealot x5  
  140  8:08  Pylon x3  
  140  8:09  Immortal (Chrono Boost)  
  140  8:16  High Templar x2  
  138  8:32  High Templar x4  
  144  8:37  Zealot  
  144  8:38  Zealot  
  144  8:45  Immortal (Chrono Boost)  
  148  8:50  Zealot  
  148  8:51  Zealot  
  136  9:01  Archon  
  136  9:02  Zealot x2  
  124  9:04  Zealot  
  124  9:08  High Templar x3  
  122  9:11  Zealot  
  124  9:22  Immortal (Chrono Boost)  
  118  9:28  Zealot x3  
  118  9:32  Gateway  
  118  9:33  Gateway  
  118  9:34  Zealot  
  118  9:36  Archon  
  112  9:41  Zealot x3  
Show
View Real Time Build Order
Export as new Build Order

Solar Zerg - Winner!

Build Orders: Hatch First, Swarm Host 

Get SALT Encoding   

  12  0:00  Drone  
  13  0:12  Overlord  
  13  0:17  Drone  
  14  0:30  Drone x2  
  16  0:49  Hatchery  
  15  0:52  Drone  
  15  0:56  Drone  
  17  0:59  Drone  
  18  1:09  Extractor  
  17  1:15  Spawning Pool  
  17  1:18  Drone  
  17  1:21  Drone  
  18  1:28  Drone  
  19  1:38  Drone  
  20  1:50  Overlord  
  20  2:02  Zergling x2, Queen x2  
  20  2:04  Zergling x2  
  26  2:09  Metabolic Boost  
  26  2:13  Drone  
  27  2:17  Drone  
  27  2:22  Drone x2  
  30  2:39  Hatchery  
  30  2:41  Drone  
  30  2:47  Queen  
  32  2:52  Overlord  
  32  2:54  Drone  
  32  2:57  Drone  
  34  2:59  Drone  
  34  3:03  Drone  
  36  3:11  Drone  
  36  3:12  Drone  
  38  3:13  Drone x3  
  41  3:22  Overlord  
  41  3:23  Queen  
  43  3:28  Overlord  
  43  3:31  Spore Crawler  
  41  3:34  Drone x2  
  43  3:41  Overlord  
  43  3:49  Drone x2  
  43  3:50  Zergling x4  
  43  3:52  Queen  
  49  3:58  Spore Crawler  
  49  3:59  Drone x3  
  49  4:00  Drone  
  52  4:06  Drone  
  52  4:07  Drone x3  
  56  4:13  Spore Crawler  
  56  4:14  Drone  
  56  4:15  Overlord  
  56  4:17  Drone x2  
  56  4:23  Lair  
  58  4:28  Overlord  
  57  4:32  Roach Warren  
  57  4:35  Queen  
  57  4:36  Drone  
  59  4:39  Drone  
  59  4:40  Drone  
  59  4:42  Extractor  
  59  4:43  Extractor  
  59  4:44  Drone  
  60  4:46  Drone  
  60  4:47  Drone  
  60  4:51  Drone x2  
  64  4:53  Drone  
  64  4:55  Drone x2  
  64  4:59  Overlord, Drone  
  68  5:03  Drone x2  
  68  5:04  Drone  
  71  5:08  Drone x2  
  71  5:11  Overlord  
  73  5:15  Evolution Chamber  
  73  5:16  Extractor  
  73  5:17  Zergling x8  
  73  5:19  Drone  
  73  5:20  Drone  
  73  5:23  Drone  
  73  5:24  Drone  
  73  5:27  Drone x2  
  76  5:30  Extractor, Overseer  
  76  5:31  Extractor  
  76  5:34  Drone x3  
  76  5:35  Drone  
  75  5:37  Glial Reconstitution  
  75  5:42  Drone x3  
  78  5:43  Drone  
  78  5:45  Overlord  
  78  5:47  Drone  
  80  5:51  Drone, Infestation Pit  
  80  5:54  Zerg Missile Weapons Level 1  
  80  5:57  Drone x3  
  80  6:01  Roach x2  
  86  6:05  Drone  
  86  6:06  Roach  
  86  6:07  Overlord  
  88  6:13  Overlord, Drone x2  
  89  6:19  Overlord  
  89  6:23  Roach  
  89  6:24  Overlord  
  91  6:29  Swarm Host x4  
  91  6:31  Swarm Host  
  106  6:34  Swarm Host  
  106  6:36  Overlord  
  106  6:38  Swarm Host  
  106  6:39  Swarm Host  
  115  6:41  Swarm Host  
  115  6:43  Swarm Host  
  115  6:46  Roach  
  123  6:47  Swarm Host  
  123  6:52  Overlord, Swarm Host  
  129  6:56  Overseer  
  129  6:57  Roach  
  129  6:58  Overlord  
  129  7:01  Roach x2  
  135  7:08  Hatchery  
  135  7:12  Roach x2  
  135  7:15  Roach x2  
  142  7:16  Roach  
  142  7:18  Ravager  
  142  7:19  Ravager  
  142  7:20  Overlord  
  146  7:23  Roach  
  146  7:24  Zergling x2, Roach  
  146  7:28  Roach  
  152  7:30  Overlord, Ravager  
  152  7:31  Overlord  
  152  7:33  Overlord  
  152  7:36  Overlord  
  152  7:39  Overlord  
  152  7:40  Roach x2  
  156  7:46  Roach x3  
  156  7:49  Roach x2  
  168  7:51  Roach  
  168  7:52  Roach  
  168  7:56  Roach x2  
  174  8:00  Roach x2  
  174  8:02  Roach  
  174  8:04  Roach  
  174  8:05  Zergling x2  
  178  8:09  Roach  
  178  8:11  Roach  
  176  8:15  Roach x2  
  176  8:18  Roach  
  181  8:21  Zergling x2  
  181  8:22  Zergling x2  
  181  8:25  Ravager x4  
  187  8:27  Zergling x2  
  187  8:29  Roach  
  187  8:31  Roach  
  190  8:35  Roach x2  
  190  8:36  Roach  
  190  8:39  Zergling x2, Ravager  
  190  8:40  Zergling x4  
  190  8:41  Zergling x2  
  192  8:43  Roach  
  192  8:45  Roach  
  194  8:49  Zergling x2, Roach x2  
  189  8:56  Roach x3  
  189  9:00  Roach  
  178  9:03  Roach  
  178  9:04  Roach  
  178  9:06  Roach  
  178  9:07  Zergling x2  
  167  9:10  Ravager  
  167  9:11  Roach  
  167  9:12  Roach  
  172  9:17  Zergling x2  
  159  9:26  Roach x2  
  159  9:27  Ravager  
  159  9:29  Roach x2  
  159  9:30  Zergling x2  
  159  9:31  Roach x2  
  171  9:34  Roach x2  
  171  9:36  Roach  
  171  9:38  Roach  
  172  9:50  Ravager  
Tags
 
Add a new tag
Caveats
  • Supply blocks, unpowered buildings, or Contaminate may cause inaccurate times.
  • Supply counts are checked every 10 seconds.